 Dungeon Crawl Stone Soup version 0.20-a0-723-gf57855b (webtiles) character file.

1983 Laan the Markscentaur (level 9, -1/67 HPs)
             Began as a Centaur Hunter on Feb 22, 2017.
             Was a Believer of Okawaru.
             Slain by a killer bee (2 damage)
             ... in the Ecumenical Temple.
             The game lasted 00:10:36 (6056 turns).

Laan the Markscentaur (Centaur Hunter)              Turns: 6056, Time: 00:10:37

Health: -1/67      AC: 12    Str: 21    XL:     9   Next: 1%
Magic:  0/9        EV:  7    Int: 10    God:    Okawaru [**....]
Gold:   239        SH:  0    Dex: 12    Spells: 8/8 levels left

rFire    . . .     SeeInvis .   a - +1 shortbow
rCold    . . .     Gourm    .   c - +0 leather armour
rNeg     . . .     Faith    .   (shield currently unavailable)
rPois    .         Spirit   +   G - +2 hat
rElec    .         Reflect  .   y - +0 cloak
rCorr    .         Harm     .   E - +0 pair of gloves
MR       .....                  q - +0 centaur barding
Stlth    +.........             A - amulet of guardian spirit (curse)
Regen    0.3/turn               (no ring)
MPRegen  0.2/turn               (no ring)

@: mighty, lethally poisoned (-1 -> -7), very quick
A: hooves 3, deformed body, speed 2, tough skin 3
a: Heroism, Renounce Religion


You were in the Ecumenical Temple.
You worshipped Okawaru.
Okawaru was pleased with you.
You were hungry.

You visited 2 branches of the dungeon, and saw 8 of its levels.

You collected 239 gold pieces.

Inventory:

Hand Weapons
 a - a +1 shortbow (weapon)
 b - a +0 short sword
Missiles
 r - 25 arrows (quivered)
Armour
 c - a +0 leather armour (worn)
 q - a +0 centaur barding (worn)
 y - a +0 cloak (worn)
 E - a +0 pair of gloves (worn)
 G - a +2 hat (worn)
Jewellery
 A - a cursed amulet of guardian spirit (around neck)
Wands
 d - a wand of random effects (26/48)
 t - a wand of lightning (11/15)
 B - a wand of digging (12/24)
 L - a wand of acid (8/15)
Scrolls
 g - 2 scrolls of random uselessness {unknown}
 h - 8 scrolls of identify {unknown}
 i - 5 scrolls of teleportation {unknown}
 o - 5 scrolls of enchant weapon {unknown}
 u - a scroll of amnesia {unknown}
 x - 2 scrolls of remove curse {unknown}
 C - a scroll of noise {unknown}
 D - 4 scrolls of magic mapping {unknown}
 J - 2 scrolls of recharging {unknown}
 K - a scroll of fog {unknown}
Potions
 e - 3 potions of agility
 m - a potion of haste {unknown}
 n - a potion of berserk rage {unknown}
 v - a potion of resistance {unknown}
 w - a potion of cancellation
 z - a potion of mutation {unknown}
 F - a potion of heal wounds {unknown}
 H - a potion of degeneration {unknown}
 I - a potion of curing {unknown}
Comestibles
 f - 5 bread rations
 k - 2 royal jellies
 l - 5 meat rations
 p - 7 fruits
 s - 7 chunks of flesh


   Skills:
 - Level 2.0 Fighting
 + Level 15.2 Bows
 - Level 1.3 Dodging
 - Level 0.4 Stealth


You had 8 spell levels left.
You didn't know any spells.

Dungeon Overview and Level Annotations

Branches:
Dungeon (7/15)             Temple (1/1) D:7

Altars:
Ieoh Jian
Nemelex Xobeh
Okawaru
Ru
Trog
Yredelemnul
The Shining One


Innate Abilities, Weirdness & Mutations

You have hooves in place of feet.
Armour fits poorly on your strangely shaped body.
You cover ground very quickly.
You have extremely tough skin. (AC +3)


Message History

Firing (i - inventory):
r - 26 arrows (quivered)
Press: ? - help, Shift-Dir - straight line, f/p - killer bee
Aim: a killer bee (lightly wounded)
You shoot an arrow. The arrow barely misses the killer bee.
The killer bee completely misses you.
It was a potion of cancellation.
Your magical effects are unravelling.
You feel magically purged.
You feel a little less agile now. The killer bee stings you.
* * * LOW HITPOINT WARNING * * *
The killer bee stings you.
* * * LOW HITPOINT WARNING * * *
It was a potion of might.
You feel very mighty all of a sudden.
You feel sick. The killer bee stings you.
* * * LOW HITPOINT WARNING * * *
You are more poisoned.
The killer bee poisons you! The killer bee stings you.
You die...

.. .. .. # #..
. . .## ...
.###. ...
..##...##.. .
#.......# .
...#.......#...
#.........#
#....@....#
#....y....#
...#.......#...
. #.......# .
..##.(.##.. ...
.###. ... ##. .
. ..# # .. ..
..


You could see a killer bee.

Vanquished Creatures
  Grinder (D:3)
  A sky beast (D:5)
  2 ice beasts
  An orc warrior (D:7)
  A black bear (D:6)
  2 phantoms
  2 necrophages
  A centaur (D:6)
  A scorpion (D:4)
  2 howler monkeys
  A crimson imp (D:7)
  Crazy Yiuf (D:3)
  A bullfrog skeleton (D:5)
  A centaur skeleton (D:4)
  4 orc wizards
  4 orc priests
  Ijyb (D:3)
  5 worker ants
  Terence (D:3)
  A hound zombie (D:5)
  A hound skeleton (D:6)
  Robin (D:2)
  A howler monkey zombie (D:7)
  A howler monkey skeleton (D:5)
  5 adders
  5 gnolls
  An ooze (D:1)
  An adder zombie (D:6)
  An adder skeleton (D:5)
  3 worms
  2 leopard geckos
  6 orcs
  3 giant cockroaches
  13 goblins
  8 hobgoblins
  3 jackals (D:6)
  10 kobolds
  3 quokkas
  5 bats
  5 frilled lizards
  A giant cockroach zombie (D:5)
  A jackal skeleton (D:5)
  A quokka skeleton (D:7)
  7 rats
  A fungus (D:3)
123 creatures vanquished.

Notes
Turn   | Place    | Note
-------+----------+-------------------------------------------
     0 | D:1      | Laan the Centaur Hunter began the quest for the Orb.
     0 | D:1      | Reached XP level 1. HP: 17/17 MP: 1/1
   248 | D:1      | Reached skill level 6 in Bows
   248 | D:1      | Reached XP level 2. HP: 20/24 MP: 2/2
   551 | D:1      | Reached XP level 3. HP: 29/29 MP: 3/3
   921 | D:2      | Found a bloodstained altar of Trog.
  1024 | D:2      | Noticed Robin
  1024 | D:2      | Reached skill level 7 in Bows
  1072 | D:2      | Killed Robin
  1078 | D:2      | Reached XP level 4. HP: 28/36 MP: 4/4
  1922 | D:3      | Noticed Ijyb
  1930 | D:3      | Noticed Grinder
  1937 | D:3      | Killed Ijyb
  1937 | D:3      | Reached skill level 8 in Bows
  1990 | D:3      | Paralysed by Grinder for 6 turns
  2230 | D:3      | Killed Grinder
  2230 | D:3      | Reached skill level 9 in Bows
  2230 | D:3      | Reached XP level 5. HP: 34/41 MP: 5/5
  2230 | D:3      | Reached XP level 6. HP: 40/48 MP: 6/6
  2506 | D:3      | Noticed Terence
  2523 | D:3      | Killed Terence
  2523 | D:3      | Reached skill level 10 in Bows
  2647 | D:3      | Found an iron altar of Okawaru.
  2650 | D:3      | Became a worshipper of Warmaster Okawaru
  2753 | D:3      | Found a runed door.
  2757 | D:3      | Noticed Crazy Yiuf
  2780 | D:3      | Killed Crazy Yiuf
  3287 | D:4      | Found a sacrificial altar of Ru.
  3405 | D:4      | Reached XP level 7. HP: 55/55 MP: 7/7
  3407 | D:4      | Reached skill level 11 in Bows
  3873 | D:5      | Entered Level 5 of the Dungeon
  3884 | D:5      | Reached * piety under Okawaru
  4022 | D:5      | Reached skill level 12 in Bows
  4281 | D:5      | Found a glowing golden altar of the Shining One.
  4392 | D:5      | Reached XP level 8. HP: 56/61 MP: 6/8
  4467 | D:5      | Reached skill level 13 in Bows
  4508 | D:5      | Found a sparkling altar of Nemelex Xobeh.
  4553 | D:5      | Found a basalt altar of Yredelemnul.
  4819 | D:6      | Reached ** piety under Okawaru
  4933 | D:6      | Found an ornate altar of the Ieoh Jian Council.
  5080 | D:6      | Reached skill level 14 in Bows
  5864 | D:7      | Reached skill level 15 in Bows
  5878 | D:7      | Reached XP level 9. HP: 66/67 MP: 9/9
  6007 | D:7      | Noticed an orc knight
  6040 | D:7      | Found a staircase to the Ecumenical Temple.
  6048 | Temple   | Entered the Ecumenical Temple
  6056 | Temple   | HP: 1/67 [killer bee (3)]
  6056 | Temple   | Slain by a killer bee

Vault maps used:
D:1:      lemuel_arrival_muddy, serial_glass, glass_columns_b, glass_columns_b,
          st_stairs_8
D:2:      minmay_wonky_spiral, trog_three_pillars_becter, uniq_robin
D:3:      marbit_many_paths, minmay_fountain_box, uniq_terence, uniq_grinder,
          uniq_crazy_yiuf_cottage, uniq_iyjb
D:4:      first_bread, nicolae_ru_the_path_less_chosen
D:5:      grunt_temple_overflow_holy_war, nemelex_diamond_rough_becter
D:6:      basic_altar
D:7:      lemuel_castle_with_subvaults, minmay_temple_entry_metal_lava
Temple:   regret_index_temple_sphere_string

Skill      XL: |  1  2  3  4  5  6  7  8 |
---------------+-------------------------+-----
Bows           | 6 7 9 10 12 15 | 15.2
Fighting       | |  2.0
Dodging        | |  1.3
Stealth        | |  0.4

Action                   |  1- 3 |  4- 6 |  7- 9 || total
-------------------------+-------+-------+-------++-------
Melee: Short sword       |       |    28 |       ||    28
       Kick              |       |     8 |       ||     8
 Fire: Shortbow          |    97 |   128 |   299 ||   524
  Use: Potion            |       |       |     3 ||     3
  Eat: Chunk             |       |     4 |     6 ||    10
Armor: Leather armour    |     5 |    18 |    52 ||    75
Dodge: Dodged            |    10 |    13 |    33 ||    56
